PBL
HAMILTON CARDINALS @ SOUTHERN MARYLAND BLUE CRABS
09/25/2047
 
TOP OF THE 1ST
Hamilton Cardinals batting - Pitching for Southern Maryland Blue Crabs : RHP Xavier Martin
Pitching: RHP Xavier Martin
Batting: RHB Jonathan Winkler 0-0: Ball
1-0: Ground out 5-3 (Groundball, 56S, EV 88.8 MPH)
Batting: RHB Juan Carrillo 0-0: Ball
1-0: SINGLE (Line Drive, 34D, EV 100.0 MPH)
Batting: RHB Mario Carbajal 0-0: Called Strike
Juan Carrillo steals 2nd base
0-1: Swinging Strike
0-2: Strikes out swinging
Batting: SHB J.T. Ready 0-0: Ball
1-0: Ball
2-0: Swinging Strike
2-1: Ball
3-1: Swinging Strike
3-2: Foul Ball, location: 2F
3-2: Strikes out swinging
Top of the 1st over - 0 runs, 1 hit, 0 errors, 1 left on base; Hamilton 0 - Southern Maryland 0
BOTTOM OF THE 1ST
Southern Maryland Blue Crabs batting - Pitching for Hamilton Cardinals : LHP J.T. Ready
Pitching: LHP J.T. Ready
Batting: RHB C.J. Wells 0-0: Ground out 5-3 (Groundball, 25, EV 81.9 MPH)
Batting: LHB Jeremy Nuzzo 0-0: Ball
1-0: Fly out, F9 (Line Drive, 89M, EV 92.5 MPH)
Batting: SHB Eric Kelley 0-0: Foul Ball, location: 2F
0-1: Ball
1-1: DOUBLE (Flyball, 89XD, EV 113.1 MPH)
Batting: LHB Xue-liang Zhou 0-0: Called Strike
0-1: Ball
1-1: Ground out 4-3 (Groundball, 4M, EV 81.2 MPH)
Bottom of the 1st over - 0 runs, 1 hit, 0 errors, 1 left on base; Hamilton 0 - Southern Maryland 0
TOP OF THE 2ND
Hamilton Cardinals batting - Pitching for Southern Maryland Blue Crabs : RHP Xavier Martin
Batting: RHB Pablo Nunez 0-0: Ball
1-0: Swinging Strike
1-1: Swinging Strike
1-2: Ball
2-2: Strikes out swinging
Batting: RHB Shou-feng Chang 0-0: Ball
1-0: Called Strike
1-1: Swinging Strike
1-2: Ball
2-2: Strikes out looking
Batting: LHB Pete Mitchell 0-0: Ball
1-0: Called Strike
1-1: Ball
2-1: Called Strike
2-2: Foul Ball, location: 2F
2-2: Strikes out swinging
Top of the 2nd over - 0 runs, 0 hits, 0 errors, 0 left on base; Hamilton 0 - Southern Maryland 0
BOTTOM OF THE 2ND
Southern Maryland Blue Crabs batting - Pitching for Hamilton Cardinals : LHP J.T. Ready
Batting: RHB Tyler Cohen 0-0: Ball
1-0: Ball
2-0: Called Strike
2-1: Ball
3-1: Fly out, F8 (Flyball, 78S, EV 91.9 MPH)
Batting: LHB Robert Ortiz 0-0: Called Strike
0-1: Ball
1-1: SINGLE (Flyball, 89S, EV 94.4 MPH)
Batting: RHB Pedro Luera 0-0: Ball
Pickoff Throw to First - Error! E1
Robert Ortiz to second
1-0: Ball
2-0: Fly out, F2 (Popup, 23F, EV 76.2 MPH)
Batting: LHB Ivan Alvarez 0-0: Ball
1-0: Foul Ball, location: 2F
1-1: SINGLE (Groundball, 34D, EV 101.2 MPH)
Robert Ortiz to third
Runner from 3rd tries for Home, throw by RF and OUT! 9-2
Bottom of the 2nd over - 0 runs, 2 hits, 1 error, 1 left on base; Hamilton 0 - Southern Maryland 0
TOP OF THE 3RD
Hamilton Cardinals batting - Pitching for Southern Maryland Blue Crabs : RHP Xavier Martin
Batting: RHB David Snyder 0-0: Called Strike
0-1: Swinging Strike
0-2: Foul Ball, location: 2F
0-2: Ground out 5-3 (Groundball, 5, EV 81.2 MPH)
Batting: SHB Brad Meyer 0-0: Foul Ball, location: 2F
0-1: Called Strike
0-2: Ball
1-2: Foul Ball, location: 2F
1-2: Ball
2-2: Ball
3-2: Base on Balls
Batting: RHB Jonathan Winkler 0-0: Called Strike
0-1: Foul Ball, location: 2F
0-2: Strikes out swinging
Batting: RHB Juan Carrillo 0-0: Ball
Brad Meyer is caught stealing 2nd base 2-4
Top of the 3rd over - 0 runs, 0 hits, 0 errors, 0 left on base; Hamilton 0 - Southern Maryland 0
BOTTOM OF THE 3RD
Southern Maryland Blue Crabs batting - Pitching for Hamilton Cardinals : LHP J.T. Ready
Batting: RHB Javier Brizuela 0-0: Foul Ball, location: 2F
0-1: Ball
1-1: Ball
2-1: Foul Ball, location: 2F
2-2: Ball
3-2: Ground out 5-3 (Groundball, 5, EV 83.8 MPH)
Batting: RHB C.J. Wells 0-0: Foul Ball, location: 2F
0-1: Ball
1-1: Ball
2-1: Called Strike
2-2: Strikes out looking
Batting: LHB Jeremy Nuzzo 0-0: Called Strike
0-1: Ball
1-1: Ball
2-1: Foul Ball, location: 2F
2-2: Fly out, F8 (Flyball, 8RM, EV 81.9 MPH)
Bottom of the 3rd over - 0 runs, 0 hits, 0 errors, 0 left on base; Hamilton 0 - Southern Maryland 0
TOP OF THE 4TH
Hamilton Cardinals batting - Pitching for Southern Maryland Blue Crabs : RHP Xavier Martin
Batting: RHB Juan Carrillo 0-0: Bunt for hit to 13S - play at first, batter safe!
Batting: RHB Mario Carbajal 0-0: Ball
1-0: Ball
2-0: Called Strike
2-1: Ball
3-1: Swinging Strike
3-2: Base on Balls
Juan Carrillo to second
Batting: SHB J.T. Ready 0-0: Reached on error, E4 (Groundball, 4, EV 82.5 MPH)
Juan Carrillo to third
Mario Carbajal to second
Batting: RHB Pablo Nunez 0-0: Called Strike
0-1: Ball
1-1: Foul Ball, location: 2F
1-2: Fly out, F8 (Flyball, 78M, EV 83.1 MPH)
Runner from 3rd tags up, SCORES, no throw by CF
Batting: RHB Shou-feng Chang 0-0: SINGLE (Groundball, 56, EV 80.0 MPH) (infield hit)
Mario Carbajal to third
J.T. Ready to second
Batting: LHB Pete Mitchell 0-0: Called Strike
0-1: Ball
1-1: Ball
2-1: Foul Ball, location: 2F
2-2: Strikes out swinging
Batting: RHB David Snyder 0-0: Ball
1-0: Called Strike
1-1: Ball
2-1: Ball
3-1: Base on Balls
Mario Carbajal scores
J.T. Ready to third
Shou-feng Chang to second
Batting: SHB Brad Meyer 0-0: Foul Ball, location: 2F
0-1: Ball
1-1: Fly out, F7 (Flyball, 7S, EV 88.8 MPH)
Top of the 4th over - 2 runs, 2 hits, 1 error, 3 left on base; Hamilton 2 - Southern Maryland 0
BOTTOM OF THE 4TH
Southern Maryland Blue Crabs batting - Pitching for Hamilton Cardinals : LHP J.T. Ready
Batting: SHB Eric Kelley 0-0: Ball
1-0: Foul Ball, location: 2F
1-1: Ball
2-1: Ball
3-1: Fly out, F7 (Line Drive, 7, EV 98.8 MPH)
Batting: LHB Xue-liang Zhou 0-0: Ball
1-0: Called Strike
1-1: Ball
2-1: Foul Ball, location: 2F
2-2: Foul Ball, location: 2F
2-2: Ball
3-2: Fly out, F8 (Flyball, 78M, EV 90.6 MPH)
Batting: RHB Tyler Cohen 0-0: Called Strike
0-1: Ball
1-1: Ball
2-1: Ball
3-1: Called Strike
3-2: Foul Ball, location: 2F
3-2: Base on Balls
Batting: LHB Robert Ortiz 0-0: Ground out 4-3 (Groundball, 4, EV 108.1 MPH)
Bottom of the 4th over - 0 runs, 0 hits, 0 errors, 1 left on base; Hamilton 2 - Southern Maryland 0
TOP OF THE 5TH
Hamilton Cardinals batting - Pitching for Southern Maryland Blue Crabs : RHP Xavier Martin
Batting: RHB Jonathan Winkler 0-0: Ball
1-0: Swinging Strike
1-1: Foul Ball, location: 2F
1-2: Ball
2-2: Ball
3-2: Foul Ball, location: 2F
3-2: Foul Ball, location: 2F
3-2: Foul Ball, location: 2F
3-2: SINGLE (Groundball, 25, EV 70.6 MPH) (infield hit)
Batting: RHB Juan Carrillo 0-0: Ball
1-0: Ball
2-0: Sac Bunt to 25 - play at first, batter OUT! 5-3
Jonathan Winkler to second
Batting: RHB Mario Carbajal 0-0: Ball
1-0: Called Strike
1-1: Foul Ball, location: 2F
1-2: Ball
2-2: Ball
3-2: Foul Ball, location: 2F
3-2: Base on Balls
Pitching: LHP Sueo Iba
Batting: SHB J.T. Ready 0-0: Ball
1-0: Swinging Strike
1-1: Ball
2-1: Foul Ball, location: 2F
2-2: Strikes out looking
Batting: RHB Pablo Nunez 0-0: Ball
1-0: Foul Ball, location: 2F
1-1: Ball
2-1: Ball
3-1: Called Strike
3-2: Strikes out swinging
Top of the 5th over - 0 runs, 1 hit, 0 errors, 2 left on base; Hamilton 2 - Southern Maryland 0
BOTTOM OF THE 5TH
Southern Maryland Blue Crabs batting - Pitching for Hamilton Cardinals : LHP J.T. Ready
Batting: RHB Pedro Luera 0-0: Ball
1-0: Ball
2-0: Foul Ball, location: 2F
2-1: Called Strike
2-2: Ground out 6-3 (Groundball, 6, EV 91.9 MPH)
Batting: LHB Ivan Alvarez 0-0: Called Strike
0-1: Ball
1-1: Swinging Strike
1-2: Foul Ball, location: 2F
1-2: Ball
2-2: Strikes out swinging
Batting: RHB Javier Brizuela 0-0: Ball
1-0: Foul Ball, location: 2F
1-1: Swinging Strike
1-2: Strikes out looking
Bottom of the 5th over - 0 runs, 0 hits, 0 errors, 0 left on base; Hamilton 2 - Southern Maryland 0
TOP OF THE 6TH
Hamilton Cardinals batting - Pitching for Southern Maryland Blue Crabs : LHP Sueo Iba
Batting: RHB Shou-feng Chang 0-0: Foul Ball, location: 2F
0-1: Called Strike
0-2: Ground out 4-3 (Groundball, 4MS, EV 86.9 MPH)
Batting: LHB Pete Mitchell 0-0: Called Strike
0-1: Swinging Strike
0-2: Strikes out swinging
Batting: RHB David Snyder 0-0: Ball
1-0: Ball
2-0: Swinging Strike
2-1: Foul Ball, location: 2F
2-2: Strikes out swinging
Top of the 6th over - 0 runs, 0 hits, 0 errors, 0 left on base; Hamilton 2 - Southern Maryland 0
BOTTOM OF THE 6TH
Southern Maryland Blue Crabs batting - Pitching for Hamilton Cardinals : LHP J.T. Ready
Batting: RHB C.J. Wells 0-0: Called Strike
0-1: Foul Ball, location: 2F
0-2: Strikes out looking
Batting: LHB Jeremy Nuzzo 0-0: Foul Ball, location: 2F
0-1: Ground out 1-3 (Groundball, 34S, EV 70.6 MPH)
Batting: SHB Eric Kelley 0-0: Ball
1-0: Foul Ball, location: 2F
1-1: Ball
2-1: Called Strike
2-2: Fly out, F8 (Line Drive, 8RD, EV 91.9 MPH)
Bottom of the 6th over - 0 runs, 0 hits, 0 errors, 0 left on base; Hamilton 2 - Southern Maryland 0
TOP OF THE 7TH
Hamilton Cardinals batting - Pitching for Southern Maryland Blue Crabs : LHP Sueo Iba
Batting: SHB Brad Meyer 0-0: Ball
1-0: Ball
2-0: Ball
3-0: Base on Balls
Batting: RHB Jonathan Winkler 0-0: Called Strike
0-1: Foul Ball, location: 2F
0-2: Ball
1-2: Ball
2-2: Ball
3-2: Strikes out swinging
Batting: RHB Juan Carrillo 0-0: Ball
1-0: Foul Ball, location: 2F
1-1: Foul Ball, location: 2F
1-2: Fielders Choice at 2nd, 5-4 (Groundball, 56, EV 83.1 MPH)
Batting: RHB Mario Carbajal 0-0: Fielders Choice at 2nd, 6-4 (Groundball, 6, EV 102.5 MPH)
Top of the 7th over - 0 runs, 0 hits, 0 errors, 1 left on base; Hamilton 2 - Southern Maryland 0
BOTTOM OF THE 7TH
Southern Maryland Blue Crabs batting - Pitching for Hamilton Cardinals : LHP J.T. Ready
Pitching: LHP Rafael Banda
Batting: LHB Xue-liang Zhou 0-0: Ball
1-0: Called Strike
1-1: Ball
2-1: Called Strike
2-2: Fly out, F7 (Flyball, 7S, EV 86.2 MPH)
Batting: RHB Tyler Cohen 0-0: Ball
1-0: Foul Ball, location: 2F
1-1: Fly out, F8 (Flyball, BS3, EV 89.4 MPH)
Batting: LHB Robert Ortiz 0-0: Hit by Pitch
Batting: RHB Pedro Luera 0-0: Called Strike
0-1: Ball
1-1: Foul Ball, location: 2F
1-2: Strikes out swinging
Bottom of the 7th over - 0 runs, 0 hits, 0 errors, 1 left on base; Hamilton 2 - Southern Maryland 0
TOP OF THE 8TH
Hamilton Cardinals batting - Pitching for Southern Maryland Blue Crabs : LHP Sueo Iba
Batting: SHB J.T. Ready 0-0: Foul Ball, location: 2F
0-1: Foul Ball, location: 2F
0-2: Foul Ball, location: 2F
0-2: Foul Ball, location: 2F
0-2: Strikes out swinging
Batting: RHB Pablo Nunez 0-0: Called Strike
0-1: Called Strike
0-2: Ball
1-2: Foul Ball, location: 2F
1-2: Ball
2-2: Foul Ball, location: 2F
2-2: Foul Ball, location: 2F
2-2: Strikes out swinging
Batting: RHB Shou-feng Chang 0-0: Ball
1-0: Ball
2-0: Called Strike
2-1: SINGLE (Groundball, 34D, EV 97.5 MPH)
Pitching: RHP Clifton Stannard
Batting: LHB Pete Mitchell 0-0: Ground out U3 (Groundball, 3, EV 78.8 MPH)
Top of the 8th over - 0 runs, 1 hit, 0 errors, 1 left on base; Hamilton 2 - Southern Maryland 0
BOTTOM OF THE 8TH
Southern Maryland Blue Crabs batting - Pitching for Hamilton Cardinals : LHP Rafael Banda
Batting: LHB Ivan Alvarez 0-0: Ball
1-0: Ball
2-0: Ball
3-0: Base on Balls
Pinch Hitting: RHB Dou-wan Pan 0-0: Called Strike
0-1: Ball
1-1: Fly out, F8 (Flyball, 8RD, EV 91.9 MPH)
Batting: RHB C.J. Wells 0-0: Called Strike
0-1: Ball
1-1: Ball
2-1: Swinging Strike
2-2: Foul Ball, location: 2F
2-2: Ball
3-2: Base on Balls
Ivan Alvarez to second
Batting: LHB Jeremy Nuzzo 0-0: Fly out, F2 (Popup, 25F, EV 85.6 MPH)
Batting: SHB Eric Kelley 0-0: Ball
1-0: Ball
2-0: Ball
3-0: Called Strike
3-1: Foul Ball, location: 2F
3-2: Foul Ball, location: 2F
3-2: Base on Balls
Ivan Alvarez to third
C.J. Wells to second
Batting: LHB Xue-liang Zhou 0-0: SINGLE (Groundball, 6MD, EV 93.8 MPH)
Ivan Alvarez scores
C.J. Wells to third
Eric Kelley to second
Runner from 3rd tries for Home, SAFE, throw by CF to home
Pitching: RHP Francisco Galindo
Pinch Hitting: LHB Stu Proulx 0-0: Fly out, F9 (Flyball, 9LMF, EV 91.2 MPH)
Bottom of the 8th over - 2 runs, 1 hit, 0 errors, 2 left on base; Hamilton 2 - Southern Maryland 2
TOP OF THE 9TH
Hamilton Cardinals batting - Pitching for Southern Maryland Blue Crabs : RHP Clifton Stannard
Now at C: Han Caspers
Now at 2B: Pedro Luera
Now at 3B: Dou-wan Pan
Pinch Hitting: LHB Mike East 0-0: Called Strike
0-1: Called Strike
0-2: Strikes out swinging
Pinch Hitting: RHB Joey Black 0-0: Ball
1-0: Ball
2-0: Ball
3-0: Called Strike
3-1: Foul Ball, location: 2F
3-2: Fly out, F7 (Flyball, 7LS, EV 91.2 MPH)
Batting: RHB Jonathan Winkler 0-0: Ball
1-0: Fly out, F8 (Flyball, 8LXD, EV 102.5 MPH)
Top of the 9th over - 0 runs, 0 hits, 0 errors, 0 left on base; Hamilton 2 - Southern Maryland 2
BOTTOM OF THE 9TH
Southern Maryland Blue Crabs batting - Pitching for Hamilton Cardinals : RHP Francisco Galindo
Now at C: Willie Marquez
Now at 1B: Chris Stec
Batting: LHB Robert Ortiz 0-0: Ball
1-0: Foul Ball, location: 2F
1-1: Ball
2-1: Called Strike
2-2: Strikes out swinging
Pinch Hitting: RHB Eddie Morin 0-0: Ball
1-0: Ball
2-0: Called Strike
2-1: Ball
3-1: Foul Ball, location: 2F
3-2: Strikes out swinging
Batting: LHB Ivan Alvarez 0-0: Ball
1-0: Ball
2-0: Ball
3-0: Called Strike
3-1: Foul Ball, location: 2F
3-2: Base on Balls
Batting: RHB Dou-wan Pan 0-0: Called Strike
0-1: Ball
1-1: Ball
2-1: Ball
3-1: Swinging Strike
3-2: Foul Ball, location: 2F
3-2: Strikes out swinging
Bottom of the 9th over - 0 runs, 0 hits, 0 errors, 1 left on base; Hamilton 2 - Southern Maryland 2
TOP OF THE 10TH
Hamilton Cardinals batting - Pitching for Southern Maryland Blue Crabs : RHP Clifton Stannard
Pitching: RHP Harold Price
Now at 2B: Imbart van Rens
Batting: RHB Juan Carrillo 0-0: Called Strike
0-1: Called Strike
0-2: DOUBLE (Groundball, 5L, EV 109.4 MPH)
Batting: RHB Mario Carbajal 0-0: Called Strike
0-1: Ball
1-1: Swinging Strike
1-2: Foul Ball, location: 2F
1-2: Ground out 6-3 (Groundball, 6, EV 80.0 MPH)
Juan Carrillo to third
Batting: SHB J.T. Ready 0-0: Intentional Walk
Batting: RHB Pablo Nunez 0-0: Called Strike
0-1: Grounds into double play, 4-6-3 (Groundball, 34, EV 87.5 MPH)
Top of the 10th over - 0 runs, 1 hit, 0 errors, 1 left on base; Hamilton 2 - Southern Maryland 2
BOTTOM OF THE 10TH
Southern Maryland Blue Crabs batting - Pitching for Hamilton Cardinals : RHP Francisco Galindo
Pitching: RHP Emmanuel Godfrey
Batting: RHB C.J. Wells 0-0: Ball
1-0: Swinging Strike
1-1: Swinging Strike
1-2: Fly out, F7 (Flyball, 7LM, EV 87.5 MPH)
Batting: LHB Jeremy Nuzzo 0-0: Ball
1-0: Foul Ball, location: 2F
1-1: Swinging Strike
1-2: Strikes out swinging
Batting: SHB Eric Kelley 0-0: Ball
1-0: Ball
2-0: Ball
3-0: Called Strike
3-1: DOUBLE (Flyball, 8LXD, EV 110.0 MPH)
Batting: LHB Xue-liang Zhou 0-0: Intentional Walk
Batting: RHB Han Caspers 0-0: Swinging Strike
0-1: Swinging Strike
0-2: Ball
1-2: Ball
2-2: Ball
3-2: Strikes out swinging
Bottom of the 10th over - 0 runs, 1 hit, 0 errors, 2 left on base; Hamilton 2 - Southern Maryland 2
TOP OF THE 11TH
Hamilton Cardinals batting - Pitching for Southern Maryland Blue Crabs : RHP Harold Price
Batting: RHB Shou-feng Chang 0-0: Called Strike
0-1: Swinging Strike
0-2: Strikes out swinging
Pinch Hitting: RHB Scott Webb 0-0: Ball
1-0: Reached on error, E6 (Groundball, 6, EV 91.2 MPH)
Batting: RHB Chris Stec 0-0: Foul Ball, location: 2F
0-1: Grounds into double play, 6-4-3 (Groundball, 6, EV 103.1 MPH)
Top of the 11th over - 0 runs, 0 hits, 1 error, 0 left on base; Hamilton 2 - Southern Maryland 2
BOTTOM OF THE 11TH
Southern Maryland Blue Crabs batting - Pitching for Hamilton Cardinals : RHP Emmanuel Godfrey
Now in RF: Diego Herrera
Batting: LHB Robert Ortiz 0-0: Ball
1-0: Ball
2-0: Called Strike
2-1: Foul Ball, location: 2F
2-2: Strikes out swinging
Batting: RHB Imbart van Rens 0-0: Ball
1-0: Foul Ball, location: 2F
1-1: Called Strike
1-2: Ball
2-2: Foul Ball, location: 2F
2-2: Strikes out swinging
Batting: LHB Ivan Alvarez 0-0: Called Strike
0-1: Foul Ball, location: 2F
0-2: Strikes out swinging
Bottom of the 11th over - 0 runs, 0 hits, 0 errors, 0 left on base; Hamilton 2 - Southern Maryland 2
TOP OF THE 12TH
Hamilton Cardinals batting - Pitching for Southern Maryland Blue Crabs : RHP Harold Price
Batting: LHB Willie Marquez 0-0: Ground out 6-3 (Groundball, 6, EV 109.4 MPH)
Batting: RHB Jonathan Winkler 0-0: Foul Ball, location: 2F
0-1: Ball
1-1: SINGLE (Line Drive, 89S, EV 100.0 MPH)
Batting: RHB Juan Carrillo 0-0: Ball
1-0: Fly out, F8 (Flyball, 8LD, EV 97.5 MPH)
Batting: RHB Mario Carbajal 0-0: Ball
1-0: Ball
2-0: Ball
Wild Pitch!
Jonathan Winkler to second
3-0: Called Strike
3-1: SINGLE (Groundball, 6MD, EV 101.9 MPH)
Jonathan Winkler to third
Runner from 3rd tries for Home, SAFE, throw by CF to home
Batting: SHB J.T. Ready 0-0: Called Strike
0-1: Foul Ball, location: 2F
0-2: Foul Ball, location: 2F
0-2: Strikes out swinging
Top of the 12th over - 1 run, 2 hits, 0 errors, 1 left on base; Hamilton 3 - Southern Maryland 2
BOTTOM OF THE 12TH
Southern Maryland Blue Crabs batting - Pitching for Hamilton Cardinals : RHP Emmanuel Godfrey
Pitching: RHP Terry Newitt
Now at 2B: Felipe Campanella
Batting: RHB Dou-wan Pan 0-0: Ball
1-0: SINGLE (Line Drive, 7LM, EV 110.0 MPH)
Batting: RHB C.J. Wells 0-0: Ball
Pickoff Throw to First - Out! 1-3
1-0: Called Strike
1-1: Swinging Strike
1-2: Foul Ball, location: 2F
1-2: Strikes out swinging
Batting: LHB Jeremy Nuzzo 0-0: Called Strike
0-1: Foul Ball, location: 2F
0-2: Foul Ball, location: 2F
0-2: Ball
1-2: Strikes out looking
Bottom of the 12th over - 0 runs, 1 hit, 0 errors, 0 left on base; Hamilton 3 - Southern Maryland 2
Thursday, December 15th , 2022 - OOTP Baseball 23.9 Build 102